 Dungeon Crawl Stone Soup version 0.22-a0-247-gbddf880 (webtiles) character file.

6 KristoblXynda the Slasher (level 1, 0/17 HPs)
             Began as a Draconian Gladiator on Feb 24, 2018.
             Was an Initiate of Nemelex Xobeh.
             Slain by a hobgoblin (1 damage)
             ... on level 1 of the Dungeon.
             The game lasted 00:00:28 (313 turns).

KristoblXynda the Slasher (Draconian Gladiator)      Turns: 313, Time: 00:00:29

Health: 0/17       AC:  4    Str: 16    XL:     1   Next: 75%
Magic:  1/1        EV: 13    Int:  8    God:    Nemelex Xobeh [......]
Gold:   10         SH:  0    Dex: 12    Spells: 0/0 levels left

rFire    . . .     SeeInvis .   a - +0 long sword
rCold    . . .     Gourm    .   (no shield)
rNeg     . . .     Faith    .   (armour unavailable)
rPois    .         Spirit   .   b - +0 hat
rElec    .         Reflect  .   (no cloak)
rCorr    .         Harm     .   (no gloves)
MR       .....                  (no boots)
Stlth    +.........             (no amulet)
HPRegen  0.05/turn              (no ring)
MPRegen  0.07/turn              (no ring)

@: no status effects
A: unfitting armour, cold-blooded, AC +4
a: Renounce Religion


You were on level 1 of the Dungeon.
You worshipped Nemelex Xobeh.
Nemelex Xobeh was noncommittal.
You were not hungry.

You visited 1 branch of the dungeon, and saw 1 of its levels.

You collected 10 gold pieces.

Inventory:

Hand Weapons
 a - a +0 long sword (weapon)
Missiles
 c - 3 throwing nets (quivered)
Armour
 b - a +0 hat (worn)
Miscellaneous
 e - a plain deck of destruction
Comestibles
 d - a ration


   Skills:
 - Level 2.1 Fighting
 * Level 3.2 Long Blades
 + Level 1.9 Throwing
 + Level 2.8 Dodging


You couldn't memorise any spells.
You didn't know any spells.

Dungeon Overview and Level Annotations

Branches:
Dungeon (1/15)

Altars:
Nemelex Xobeh


Innate Abilities, Weirdness & Mutations

Your plain brown scales are hard. (AC +4)
You cannot fit into any form of body armour.
You are cold-blooded and may be slowed by cold attacks.


Message History

You closely miss the kobold. The kobold hits you but does no damage.
You miss the kobold.
Your tail-slap misses the kobold.
The kobold hits you with a short sword.
* * * LOW HITPOINT WARNING * * *
The kobold hits you with a short sword.
* * * LOW HITPOINT WARNING * * *
You hit the kobold.
You tail-slap the kobold, but do no damage.
The kobold is moderately wounded.
The kobold barely misses you.
You riposte.
You barely miss the kobold.
Your tail-slap misses the kobold.
The kobold is moderately wounded.
You barely miss the kobold.
The kobold is moderately wounded.
The kobold hits you but does no damage.
You closely miss the kobold. You tail-slap the kobold.
The kobold is severely wounded.
The kobold hits you but does no damage. The hobgoblin hits you.
You die...
Your body disappears without a glow.

#.# #.# #.#
#.# #.# .
#.#
...#######
#.#
......K..#
#.#
...?..g@.#
#.#
.#.#####(#
#.# #.###.#
#..##.#
#.###g.##.#
...........#
........####
...####.# ##
#.#


You could see a hobgoblin, a goblin and a kobold.

Vanquished Creatures
  A leopard gecko (D:1)
  A hobgoblin (D:1)
  2 kobolds (D:1)
4 creatures vanquished.

Notes
Turn   | Place    | Note
-------+----------+-------------------------------------------
     0 | D:1      | KristoblXynda the Draconian Gladiator began the quest for the Orb.
     0 | D:1      | Reached XP level 1. HP: 17/17 MP: 1/1
     8 | D:1      | Found a sparkling altar of Nemelex Xobeh.
    26 | D:1      | Became a worshipper of Nemelex Xobeh the Trickster
   200 | D:1      | Received a gift from Nemelex Xobeh
   313 | D:1      | Slain by a hobgoblin

Vault maps used:
D:1:      lightli_arrival_chessboard, nemelex_xobeh_ov_fountains_minmay

Action                   || total
-------------------------++-------
Melee: Long sword        ||    18
       Tailslap          ||     3
Armor: Skin              ||     4
Dodge: Dodged            ||     8
       Rpst.: Long sword ||     1

Table legend:
 A = Spawn XP
 B = Non-spawn XP
 C = Spawn XP percentage of total XP
 D = Spawn monster count
 E = Non-spawn monster count
 F = Spawn count percentage of total count
 G = Total turns spent on level
                    A         B        C        D         E        F      G
               +---------+---------+-------+---------+---------+-------+---------
         Total |       0 |       9 |   0.0 |       0 |       4 |   0.0 |   313
               +---------+---------+-------+---------+---------+-------+---------
           D:1 |       0 |       9 |   0.0 |       0 |       4 |   0.0 |   313
               +---------+---------+-------+---------+---------+-------+---------
